 Dungeon Crawl Stone Soup version 0.19.5 (webtiles) character file.

6884 JeffiDaFish the Basher (level 11, -5/67 HPs)
             Began as a Gargoyle Fighter on Sept 3, 2017.
             Was a High Priest of Okawaru.
             Slain by Erica
             ... wielding a +4 scimitar of flaming
              (7 damage)
             ... on level 10 of the Dungeon.
             The game lasted 00:23:49 (8300 turns).

JeffiDaFish the Basher (Gargoyle Fighter)           Turns: 8300, Time: 00:23:50

Health: -5/67      AC: 26    Str: 23    XL:     11   Next: 6%
Magic:  6/11       EV:  6    Int: 10    God:    Okawaru [*****.]
Gold:   503        SH: 12    Dex: 12    Spells: 0 memorised, 10 levels left

rFire  . . .     SeeInvis +     h - +2 eveningstar (holy)
rCold  . . .     Gourm    .     l - +0 plate armour
rNeg   + . .     Faith    .     c - +0 shield
rPois  ∞         Spirit   .     i - +2 helmet
rElec  +         Reflect  .     (no cloak)
rCorr  .         Harm     .     b - +1 pair of gloves
MR     .....                    (no boots)
Stlth  ..........               (no amulet)
                                u - ring of see invisible
                                j - +4 ring of strength

@: finesse
A: negative energy resistance 1, electricity resistance, unbreathing,
petrification resistance, rot immunity, AC +7
a: Heroism, Finesse, Renounce Religion


You were on level 10 of the Dungeon.
You worshipped Okawaru.
Okawaru was extremely pleased with you.
You were hungry.

You visited 2 branches of the dungeon, and saw 11 of its levels.

You collected 503 gold pieces.

Inventory:

Hand Weapons
 h - a +2 eveningstar of holy wrath (weapon)
 k - a +1 flail of protection
Armour
 b - a +1 pair of gloves (worn)
 c - a +0 shield (worn)
 i - a +2 helmet (worn)
 l - a +0 plate armour (worn)
Jewellery
 d - an uncursed ring of protection from magic
 j - a +4 ring of strength (left hand)
 u - a ring of see invisible (right hand)
Wands
 C - a wand of iceblast (3/15)
Scrolls
 e - 3 scrolls of remove curse
 o - 7 scrolls of blinking
 q - 4 scrolls of teleportation
 x - 5 scrolls of identify
 E - a scroll of fear
Potions
 g - a potion of cure mutation
 m - 3 potions of cancellation
 s - 3 potions of curing
 v - 3 potions of haste
 A - a potion of resistance
 B - 2 potions of berserk rage
Comestibles
 a - 22 chunks of flesh
 f - 8 bread rations
 n - 3 beef jerkies
 p - a royal jelly
 r - 3 meat rations
 w - 9 fruits


   Skills:
 + Level 7.0 Fighting
 + Level 11.1 Maces & Flails
 + Level 7.3 Armour
 + Level 2.0 Dodging
 + Level 1.3 Stealth
 + Level 10.1 Shields
 + Level 0.3 Evocations


You had 10 spell levels left.
You didn't know any spells.

Dungeon Overview and Level Annotations

Branches:
Dungeon (10/15)            Temple (1/1) D:5            Lair (0/6) D:9
    Orc: D:9-12

Altars:
Ashenzari
Cheibriados
Dithmenos
Fedhas
Gozag
Hepliaklqana
Kikubaaqudgha
Nemelex Xobeh
Okawaru
Ru
Sif Muna
Trog
Uskayaw
Vehumet
Xom
Zin
The Shining One
Beogh

Shops:
D:7 :(

Annotations:
D:10 Erica


Innate Abilities, Weirdness & Mutations

You are resistant to torment.
Your stone body is resilient. (AC +7)
You are immune to poison.
You resist negative energy. (rN+)
You are resistant to electric shocks. (rElec)
You can survive without breathing.
You are immune to petrification.
You are immune to rotting.


Message History

The orb of energy hits you!
* * * LOW HITPOINT WARNING * * *
Erica casts a spell at you.
You are more confused.
You're too confused!
Your magical effects are unravelling.
You feel magically purged.
You feel less confused. Erica completely misses you. Erica barely misses you.
You see here 2 large rocks.
You can now deal lightning-fast blows.
Erica hits you with a scimitar of flaming.
* * * LOW HITPOINT WARNING * * *
Erica burns you.
* * * LOW HITPOINT WARNING * * *
The cyclops hits you!
* * * LOW HITPOINT WARNING * * *
Erica hits you with a scimitar of flaming!
You die...

#..# #....... #..#
###......< #..#
###......... #..##
###...........
#..###.÷..###..###.
#......### #### #
#..)...# ##@C##...#
#.@####..>.# #.[##
###...# #.. #...#
#..# ##.. #..# #.
#..# #.# ..


You could see Erica (invisible) and a cyclops.

Vanquished Creatures
  The ghost of JeffiDaFish the Basher, a novice GrFi of Okawaru (D:8)
  Pikel (D:7)
  A hill giant (D:9)
  A two-headed ogre (D:8)
  A hornet (D:9)
  A hippogriff (D:9)
  A spriggan (D:7)
  Menkaure (D:4)
  A hungry ghost (D:8)
  The ghost of JeffiDaFish the Shield-Bearer, an amateur GrFi of Okawaru (D:3)
  A hell hound (D:9)
  2 slaves (D:7)
  2 black bears (D:9)
  6 orc warriors
  2 ice beasts (D:7)
  A phantom (D:9)
  An eye of draining (D:9)
  2 centaurs
  5 ogres
  2 big kobolds (D:9)
  8 bullfrogs
  2 scorpions
  4 killer bees (D:9)
  3 howler monkeys (D:8)
  9 wights
  4 lava snakes (D:9)
  3 crimson imps
  4 hounds
  2 orc wizards
  3 orc priests
  An iguana (D:10)
  2 bullfrog skeletons
  Ijyb (D:2)
  Terence (D:2)
  7 worker ants
  2 worker ant zombies (D:7)
  4 gnolls (D:7)
  13 adders
  5 shadow imps
  An ooze (D:4)
  2 worms (D:2)
  3 dart slugs
  2 leopard geckos
  39 orcs
  3 bats
  2 giant cockroaches
  10 goblins
  5 hobgoblins
  7 jackals
  7 quokkas
  A ball python (D:4)
  6 frilled lizards
  18 kobolds
  8 rats
226 creatures vanquished.

Vanquished Creatures (others)
  A slave (D:7)
  An orc (D:7)
2 creatures vanquished.

Grand Total: 228 creatures vanquished

Notes
Turn   | Place    | Note
-------+----------+-------------------------------------------
     0 | D:1      | JeffiDaFish the Gargoyle Fighter began the quest for the Orb.
     0 | D:1      | Reached XP level 1. HP: 14/14 MP: 1/1
   190 | D:1      | Reached XP level 2. HP: 19/19 MP: 2/2
   911 | D:2      | Reached XP level 3. HP: 19/24 MP: 3/3
   973 | D:2      | Noticed Terence
   988 | D:2      | Killed Terence
  1002 | D:2      | Reached skill level 3 in Maces & Flails
  1002 | D:2      | Reached XP level 4. HP: 9/29 MP: 4/4
  1269 | D:2      | Noticed Ijyb
  1293 | D:2      | Killed Ijyb
  1293 | D:2      | Reached skill level 1 in Dodging
  1461 | D:2      | Reached XP level 5. HP: 32/33 MP: 5/5
  2136 | D:3      | Noticed JeffiDaFish's ghost (amateur GrFi)
  2144 | D:3      | Killed JeffiDaFish's ghost
  2144 | D:3      | Reached skill level 4 in Maces & Flails
  2144 | D:3      | Reached XP level 6. HP: 38/38 MP: 6/6
  3012 | D:4      | Noticed Menkaure
  3023 | D:4      | Killed Menkaure
  3023 | D:4      | Reached XP level 7. HP: 31/43 MP: 7/7
  3147 | D:4      | Reached skill level 5 in Maces & Flails
  3543 | D:5      | Entered Level 5 of the Dungeon
  3814 | D:5      | Found a staircase to the Ecumenical Temple.
  3819 | Temple   | Entered the Ecumenical Temple
  3869 | Temple   | Became a worshipper of Warmaster Okawaru
  4136 | D:6      | Reached skill level 1 in Stealth
  4136 | D:6      | Reached skill level 5 in Shields
  4391 | D:6      | Reached skill level 6 in Maces & Flails
  4391 | D:6      | Reached skill level 5 in Armour
  4429 | D:6      | Reached XP level 8. HP: 48/48 MP: 8/8
  4670 | D:6      | Reached * piety under Okawaru
  4918 | D:7      | Found Ethi's Book Emporium.
  5009 | D:7      | Noticed a spriggan baker
  5032 | D:7      | Killed a spriggan baker
  5032 | D:7      | Reached skill level 5 in Fighting
  5032 | D:7      | Reached skill level 7 in Maces & Flails
  5233 | D:7      | Noticed Pikel
  5284 | D:7      | Killed Pikel
  5284 | D:7      | Reached ** piety under Okawaru
  5284 | D:7      | Reached skill level 8 in Maces & Flails
  5284 | D:7      | Reached XP level 9. HP: 54/54 MP: 9/9
  5327 | D:7      | Found Boczam's Antique Weapon Emporium.
  6069 | D:8      | Reached skill level 9 in Maces & Flails
  6114 | D:8      | Reached *** piety under Okawaru
  6345 | D:8      | Noticed a two-headed ogre
  6345 | D:8      | Noticed JeffiDaFish's ghost (novice GrFi)
  6351 | D:8      | Killed a two-headed ogre
  6351 | D:8      | Reached XP level 10. HP: 60/60 MP: 10/10
  6381 | D:8      | Killed JeffiDaFish's ghost
  6381 | D:8      | Reached skill level 10 in Maces & Flails
  6589 | D:9      | Noticed a hill giant
  6604 | D:9      | Killed a hill giant
  6604 | D:9      | Reached **** piety under Okawaru
  6760 | D:9      | Gained mutation: Your body sometimes deteriorates upon taking damage. [potion of mutation]
  6760 | D:9      | Gained mutation: You are partially covered in rugged brown scales. (AC +1, +3% HP) [potion of mutation]
  6760 | D:9      | Gained mutation: You have large cloven feet. [potion of mutation]
  6761 | D:9      | Lost mutation: You have large cloven feet. [potion of cure mutation]
  6761 | D:9      | Lost mutation: Your body sometimes deteriorates upon taking damage. [potion of cure mutation]
  6761 | D:9      | Lost mutation: You are partially covered in rugged brown scales. (AC +1, +3% HP) [potion of cure mutation]
  7233 | D:9      | Found a staircase to the Lair.
  7336 | D:9      | Reached ***** piety under Okawaru
  7974 | D:9      | Reached skill level 10 in Shields
  7984 | D:9      | Reached skill level 11 in Maces & Flails
  8089 | D:9      | Found a roughly hewn altar of Beogh.
  8106 | D:9      | Received a gift from Okawaru
  8106 | D:9      | Reached XP level 11. HP: 66/66 MP: 11/11
  8233 | D:10     | Entered Level 10 of the Dungeon
  8277 | D:10     | Noticed Erica
  8291 | D:10     | Noticed a cyclops
  8300 | D:10     | HP: 2/67 [cyclops (13)]
  8300 | D:10     | Slain by Erica

Skill      XL: |  1  2  3  4  5  6  7  8  9 10 11 |
---------------+----------------------------------+-----
Maces & Flails | 3 4 6 8 9 11 | 11.1
Dodging        | 1 2 |  2.0
Armour         | 4 5 6 7 |  7.3
Fighting       | 4 5 6 7 |  7.0
Shields        | 4 5 6 8 10 | 10.1
Stealth        | 1 |  1.3
Evocations     | |  0.3

Action                   |  1- 3 |  4- 6 |  7- 9 | 10-12 || total
-------------------------+-------+-------+-------+-------++-------
Melee: Flail             |    97 |   222 |   360 |   167 ||   846
       Mace              |       |       |    74 |   224 ||   298
       Eveningstar       |       |       |       |    23 ||    23
Invok: Finesse           |       |       |       |     1 ||     1
Evoke: Wand              |       |       |     2 |       ||     2
  Use: Scroll            |     4 |     9 |     5 |     3 ||    21
       Potion            |     3 |     3 |     5 |     6 ||    17
  Eat: Chunk             |     1 |     7 |    12 |     7 ||    27
Armor: Scale mail        |    71 |    34 |       |       ||   105
       Chain mail        |       |    85 |    19 |       ||   104
       Plate armour      |       |       |   235 |   256 ||   491
Dodge: Dodged            |    35 |    83 |    85 |   107 ||   310
Block: Shield            |    52 |   116 |   219 |   314 ||   701
